AoeStats
← Vilo41

Lombardia

509815282Analyzed
2v2 RM · 4d ago on Sep 28, 2026· 27m 51s· 4 players
Game mode
Random Map
Map size
Medium (4 player)
Population
200
Speed
Normal
Resources
Standard
Victory
Conquest
Starting age
Dark Age
Ending age
Imperial Age
RankedLock teamsTeams togetherTeam positionsShared explorationLock speedFull tech treeHidden civsTurbo modeCheats
Victory
Defeat
🇲🇽 Koreans · Mexico
997
+14
🇲🇽 Khitans · Mexico
976
+15
🇻🇪 Franks · Venezuela
1000
-48
🇮🇳 Wei · India
918
-13
rodrigg2003
9:52 Feudal Age
8:21 Loom
10:31 Town Watch
15:58 Double-Bit Axe
24:07 Castle Age
22:21 Stone Mining
22:43 Fletching
25:58 Wheelbarrow
25:37 Bodkin Arrow
Marcotangaloca
10:31 Feudal Age
10:57 Double-Bit Axe
15:17 Domestication
16:22 Forging
19:05 Scale Barding Armor
23:47 Castle Age
24:41 Bow Saw
25:09 Iron Casting
24:55 Chain Barding Armor
24:41 Gold Mining
26:04 Pastoralism
29:03 Wheelbarrow
retinderdeepsingh
3:12 Loom
12:03 Feudal Age
13:31 Double-Bit Axe
13:39 Gold Mining
15:16 Horse Collar
18:00 Bloodlines
27:08 Castle Age
Vilo41
12:28 Feudal Age
13:48 Wheelbarrow
13:02 Double-Bit Axe
Connection lost

Rejoining the realm…

Still unreachable

The connection could not be restored.

Session expired

The server has moved on; the page needs a fresh start.